 Dungeon Crawl Stone Soup version 0.31.0-11-ge490571c62 (webtiles) character file.

Game seed: 11232124032956409331

172 Buffagor the Ruffian (level 5, -1/44 HPs)
             Began as a Naga Shapeshifter on Feb 2, 2024.
             Slain by Terence
             ... wielding a +0 mace
              (4 damage)
             ... on level 3 of the Dungeon.
             The game lasted 00:06:45 (2808 turns).

Buffagor the Ruffian (Naga Shapeshifter)            Turns: 2808, Time: 00:06:46

Health: -1/44      AC:  2    Str: 16    XL:     5   Next: 52%
Magic:  5/5        EV: 10    Int: 10    God:
Gold:   185        SH:  0    Dex: 13    Spells: 4/4 levels left

rFire   . . .        a - +4 dagger (speed)
rCold   . . .        (no shield)
rNeg    . . .        t - +0 animal skin
rPois   +            g - melded +0 helmet
rElec   .            (cloak currently unavailable)
rCorr   .            (gloves currently unavailable)
SInv    +            (no barding)
Will    .....        (no amulet)
Stlth   +            f - ring of flight
HPRegen 0.27/turn    (no ring)
MPRegen 0.09/turn

%: no passive effects
@: short of breath, beast-form, flying, very slow
A: beast (slay +1), AC +1, large, see invisible, deformed body, poison
resistance, slowness 2, spit poison 1, naga tail 1
a: Spit Poison, Begin Untransformation


You were on level 3 of the Dungeon.
You were a hulking beast.
You visited 1 branch of the dungeon, and saw 3 of its levels.

You collected 185 gold pieces.

Inventory:

Hand Weapons
 a - a +4 dagger of speed (weapon)
 b - a +0 sling
Missiles
 i - 20 stones
 n - 8 poisoned darts
Armour
 g - a +0 helmet (melded)
 q - a +0 cloak
 t - a +0 animal skin (worn)
Jewellery
 f - a ring of flight (left hand)
Talismans
 c - a beast talisman (active)
 d - a flux talisman
Scrolls
 e - 4 scrolls of identify {unknown}
 j - a scroll of enchant weapon {unknown}
 k - 2 scrolls of silence {unknown}
 m - a scroll of vulnerability {unknown}
 p - a scroll of amnesia {unknown}
 r - a scroll of immolation {unknown}
Potions
 h - a potion of magic {unknown}
 l - a potion of lignification
 o - a potion of mutation {unknown}
 s - a potion of berserk rage {unknown}
 u - a potion of heal wounds {unknown}
 v - a potion of curing {unknown}


   Skills:
 - Level 1.0 Fighting
 - Level 1.5 Dodging
 + Level 6.0 Unarmed Combat
 - Level 3.0 Shapeshifting


You had 4 spell levels left.
You didn't know any spells.
Your spell library was empty.

Dungeon Overview and Level Annotations

Branches:
Dungeon (3/15)

Altars:

Annotations:
D:3 Terence


Innate Abilities, Weirdness & Mutations

You are a hulking beast.
Your limbs bulge with bestial killing power. (Slay +1)
Your serpentine skin is tough. (AC +1)
You have supernaturally acute eyesight. (SInv)
Armour fits poorly on your strangely shaped body.
Your system is resistant to poisons. (rPois)
You cover ground very slowly.
You can spit poison.
You have a snake-like lower body.


Message History

Your hands tingle!
a - a +4 dagger of speed (weapon)
Terence hits you with a +0 mace!
You hit Terence but do no damage. Terence closely misses you.
You barely miss Terence. You hit Terence but do no damage.
Terence hits you with a +0 mace! The dart slug bites you.
You hit Terence but do no damage. Terence says, "Did you write a will?
You should..."
Terence hits you with a +0 mace!
You closely miss Terence. You punch Terence, but do no damage.
You hit Terence but do no damage. The dart slug bites you.
Terence hits you with a +0 mace.
* * * LOW HITPOINT WARNING * * *
You hit Terence but do no damage. You hit Terence.
Terence is lightly wounded.
You have got your breath back.
Terence closely misses you. The dart slug launches a dart at you.
The slug dart misses you.
Aiming: Spit Poison (1% risk of failure)
Press: ? - help, Shift-Dir - straight line, f/p - Terence
Aim: Terence, wielding a +0 mace and wearing a +0 chain mail (lightly wounded, 70% to hit)
The splash of poison hits Terence.
Terence is poisoned.
Terence is heavily wounded.
Terence hits you with a +0 mace.
* * * LOW HITPOINT WARNING * * *
You hit Terence but do no damage.
Terence is heavily wounded.
The dart slug bites you.
* * * LOW HITPOINT WARNING * * *
Terence barely misses you.
You closely miss Terence. Your punch misses Terence.
Terence is heavily wounded.
You barely miss Terence.
Terence is heavily wounded.
Terence hits you with a +0 mace.
You die...
Terence says, "That felt goooood."

###.##### #.......#
#. ##)#.# #.# ##
###> ##..#.# #.# ..
.#. ##...#.###.##.
..### ..............
....
##...#.###..#####S.#
#....).......#.@w#
#.#.#.###.##.#.h.#
#.#.......##...###
#.###.###.###.## #+#
#.##..# #.# #.# #.#
##.##.## #.# #.# #.#
.# #. #.# #.#
####.##### .# #. #.#
#.#########.........
.. ..#
#.......<........##
# ###
#############...##


You could see Terence (poisoned), an adder and a dart slug.

Vanquished Creatures
  A hound (D:2)
  Natasha (thrice) (D:2)
  Robin (D:3)
  2 dart slugs (D:1)
  2 ribbon worms
  An orc (D:3)
  3 ball pythons
  4 endoplasms
  A giant cockroach (D:1)
  10 goblins
  4 hobgoblins
  4 jackals (D:1)
  2 kobolds
  A quokka (D:1)
  8 bats
  A frilled lizard (D:1)
  3 rats
51 creatures vanquished.

Notes
Turn   | Place    | Note
-------+----------+-------------------------------------------
     0 | D:1      | Buffagor the Naga Shapeshifter began the quest for the Orb.
     0 | D:1      | Reached XP level 1. HP: 18/18 MP: 1/1
   134 | D:1      | Reached XP level 2. HP: 25/25 MP: 2/2
   663 | D:1      | Reached skill level 4 in Unarmed Combat
   711 | D:1      | Reached XP level 3. HP: 21/31 MP: 3/3
  1181 | D:2      | Noticed Natasha
  1190 | D:2      | Killed Natasha
  1341 | D:2      | Reached XP level 4. HP: 31/38 MP: 4/4
  1591 | D:2      | Reached skill level 5 in Unarmed Combat
  1684 | D:2      | Noticed Natasha
  1689 | D:2      | Killed Natasha
  1701 | D:2      | Noticed Natasha
  1711 | D:2      | Killed Natasha
  1712 | D:2      | Reached XP level 5. HP: 9/44 MP: 5/5
  2375 | D:3      | Noticed Robin
  2393 | D:3      | HP: 2/44 [Robin/+4 dagger of speed (4)]
  2394 | D:3      | Killed Robin
  2399 | D:3      | Reached skill level 6 in Unarmed Combat
  2793 | D:3      | Noticed Terence
  2806 | D:3      | HP: 2/44 [dart slug (3)]
  2808 | D:3      | Slain by Terence

Illustrated notes

Levels and vault maps discovered:
D:1:      lemuel_arrival_room, layout_basic, minmay_tree_intersection
D:2:      layout_loops_cross, uniq_natasha
D:3:      layout_loops_corners, moated_statue, serial_bayou_crossing,
          uniq_terence, uniq_robin

Skill      XL: |  1  2  3  4  5 |
---------------+----------------+-----
Unarmed Combat | 4 5 6 |  6.0
Fighting       | |  1.0
Dodging        | |  1.5
Shapeshifting  | |  3.0

Action                     |  1- 3 |  4- 6 || total
---------------------------+-------+-------++-------
  Melee: Unarmed           |    54 |    31 ||    85
         Dagger            |       |    14 ||    14
         Punch             |       |     2 ||     2
   Fire: Sling             |       |    29 ||    29
Ability: Spit Poison       |    22 |    15 ||    37
 Armour: Animal skin       |    47 |    54 ||   101
  Dodge: Dodged            |    30 |    23 ||    53
   Form: Beast             |     2 |       ||     2
                           |     1 |       ||     1
